Cogmind - Beta 15 @@@ ROGUE MODE // 2025.05.08 @ 15:56:40 Player: anastasia Result: Self-destructed Performance ------------- Evolutions (0) 0 Regions Visited (4) 800 Robots Destroyed (5) 25 Value Destroyed (111) 111 Prototype IDs (23) 460 Alien Tech Used (0) 0 Bonus (300) 300 TOTAL SCORE: 1696 Bonus ------- Aligned with FarCom 300 Cogmind --------- Core Integrity 223/250 Matter 262/300 Energy 250/250 System Corruption 1% Temperature Cool (0) Movement Flying (195) Ox2 Location -9/Mines Parts ------- > --- POWER (1) -------- Ion Engine > --- PROPULSION (2) --- VTOL Module > --- UTILITY (2) ------ Weapon Shielding > --- WEAPON (2) ------- EM Pulse Gun Assault Rifle > --- INVENTORY (5) ---- Light Ion Engine Disposable Heat Sink Lightpack 2.0 Peak State ------------ > --- POWER ------------ Ion Engine > --- PROPULSION ------- VTOL Module VTOL Module > --- UTILITY ---------- Large Storage Unit Weapon Shielding > --- WEAPON ----------- EM Pulse Gun Assault Rifle > --- INVENTORY -------- Light Ion Engine Light Treads Light Treads Disposable Heat Sink Lightpack 2.0 Light Assault Rifle [Rating: 12] Favorites ----------- Power Ion Engine Engine Ion Engine Propulsion Light Treads Treads Light Treads Flight Unit VTOL Module Utility Large Storage Unit Device Disposable Heat Sink Storage Large Storage Unit Protection Weapon Shielding Weapon Assault Rifle Energy Gun EM Pulse Gun Ballistic Gun Assault Rifle Build | -11 -10 -10 -10 -9 ------- Run | Yrd Mat Min Exi Min Slots Evolved . | . . . . . Power . | . . . . . Propulsion . | . . . . . Utility . | . . . . . Weapon . | . . . . . Parts Attached 13 | 7 4 . . 2 Power 2 | 1 1 . . . Engine 2 | 1 1 . . . Core . | . . . . . Reactor . | . . . . . Propulsion 4 | 2 . . . 2 Treads 2 | 2 . . . . Leg . | . . . . . Wheel . | . . . . . Hover . | . . . . . Flight 2 | . . . . 2 Utility 4 | 1 3 . . . Device 1 | . 1 . . . Storage 2 | 1 1 . . . Processor . | . . . . . Hackware . | . . . . . Protection 1 | . 1 . . . Artifact . | . . . . . Weapon 3 | 3 . . . . Energy Gun 2 | 2 . . . . Energy Cannon . | . . . . . Ballistic Gun 1 | 1 . . . . Ballistic Cannon . | . . . . . Launcher . | . . . . . Special Weapon . | . . . . . Impact Weapon . | . . . . . Slashing Weapon . | . . . . . Piercing Weapon . | . . . . . Special Melee Weapon . | . . . . . Unidentified Prototypes . | . . . . . Parts Lost 1 | . . . . 1 Power . | . . . . . Propulsion 1 | . . . . 1 Utility . | . . . . . Weapon . | . . . . . Highest Loss Streak 1 | . . . . 1 To Critical Strikes . | . . . . . Average Backups 4 | . 2 4 5 5 Power . | . . . 1 1 Propulsion 1 | . 1 2 2 1 Utility 1 | . . 1 1 2 Weapon . | . . 1 1 . Tool/Special . | . . . . . Unused Backups 4 | . . . . 4 Power 1 | . . . . 1 Propulsion . | . . . . . Utility 2 | . . . . 2 Weapon 1 | . . . . 1 Tool/Special . | . . . . . Average Slot Usage (%) 98 | . 96 100 100 96 Engine 14 | . 14 14 14 14 Treads 27 | . 28 28 28 21 Storage 13 | . 14 14 14 10 Protection 12 | . 8 14 14 14 Energy Gun 14 | . 14 14 14 14 Ballistic Gun 14 | . 14 14 14 14 Peak Build Rating 12 | 6 8 7 10 12 Average Rating 8 | 4 6 7 9 10 On Entrance 6 | . 6 7 7 10 Naked Turns . | . . . . . Heaviest Build 30 | 14 30 30 30 30 Greatest Support 40 | 40 40 40 40 40 Greatest Overweight (x) 1 | . . . . 1 Average Overweight (x) . | . . . . . Largest Inventory Capacity 15 | 8 15 15 15 15 Average Capacity 14 | 7 14 15 15 13 Most Carried 8 | 5 4 5 8 8 Average Carried 5 | 1 2 4 7 7 Final Capacity 15 | 8 15 15 15 5 Final Carried 8 | 1 4 5 8 5 Class Distribution -------------------- 100% | Mutant Dominant Class ---------------- Mutant | -10/Materials Mutant | -10/Mines Mutant | -10/Exiles Mutant | -9/Mines Resources | -11 -10 -10 -10 -9 ----------- Run | Yrd Mat Min Exi Min Matter Collected 323 | 220 70 33 . . Remotely . | . . . . . Salvage Created 139 | . 94 45 . . Parts 7 | . 1 6 . . Haulers Intercepted . | . . . . . Recyclers Shooed . | . . . . . Parts Field Recycled . | . . . . . Retrieved Matter . | . . . . . Parts Self-Destructed . | . . . . . Prevented . | . . . . . Kills | -11 -10 -10 -10 -9 ------- Run | Yrd Mat Min Exi Min Combat Hostiles Destroyed 5 | . 2 3 . . Guns 5 | . 2 3 . . Classes Destroyed 2 | . 1 1 . . Swarmer 3 | . . 3 . . Grunt 2 | . 2 . . . Best Kill Streak 3 | . 2 3 . . Combat Bots Only 3 | . 2 3 . . Max Kills in Single Turn 1 | . 1 1 . . Gunslinging . | . . . . . Exploded . | . . . . . Melee . | . . . . . Uniques/NPCs Destroyed . | . . . . . Combat | -11 -10 -10 -10 -9 -------- Run | Yrd Mat Min Exi Min Hostile Shots Fired 26 | . 13 8 . 5 Missed 6 | . 3 3 . . Hits 20 | . 10 5 . 5 Melee 2 | . . . . 2 Projectile 18 | . 10 5 . 3 Damage Taken 258 | . 132 38 . 88 Core 27 | . 27 . . . Absorbed by Shields . | . . . . . Redirected to Shielding 9 | . . . . 9 Core Remaining (%) 100 | 100 . . . . Volleys Fired 12 | . 9 3 . . Largest 2 | . 2 2 . . Hottest 60 | . 60 60 . . Shots Fired 24 | . 18 6 . . Gun 24 | . 18 6 . . Cannon . | . . . . . Launcher . | . . . . . Special . | . . . . . Kinetic 12 | . 9 3 . . Thermal . | . . . . . Explosive . | . . . . . Electromagnetic 12 | . 9 3 . . Robot Hit Streak 5 | . 5 1 . . Robot Miss Streak 4 | . 2 4 . . Penetration Max . | . . . . . Secondary Targets 1 | . . 1 . . Max Gunslinging Chain 1 | . . 1 . . Shots Hit Robots 12 | . 10 2 . . Core Hits 8 | . 5 3 . . Critical Kills . | . . . . . Critical Parts Destroyed 1 | . 1 . . . Critical Strikes 1 | . 1 . . . Destroy 1 | . 1 . . . Melee Attacks . | . . . . . Impact . | . . . . . Slashing . | . . . . . Piercing . | . . . . . Sneak Attacks . | . . . . . Combat Hostiles . | . . . . . Follow-up Attacks . | . . . . . Damage Inflicted 232 | . 199 33 . . Guns 187 | . 154 33 . . Cannons . | . . . . . Explosions 45 | . 45 . . . Melee . | . . . . . Ramming . | . . . . . Kinetic 92 | . 92 . . . Thermal 45 | . 45 . . . Explosive . | . . . . . Electromagnetic 95 | . 62 33 . . Impact . | . . . . . Slashing . | . . . . . Piercing . | . . . . . Highest Corruption . | . . . . . Average Corruption . | . . . . . Corruption Purged . | . . . . . Corruption Blocked . | . . . . . Overload Shots . | . . . . . Overflow Damage . | . . . . . Projectiles . | . . . . . Explosions . | . . . . . Melee . | . . . . . Knockbacks . | . . . . . Impact . | . . . . . Kinetic . | . . . . . Secondary . | . . . . . Self-Inflicted Damage . | . . . . . Shots . | . . . . . Rammed . | . . . . . Targets Rammed . | . . . . . Kicked . | . . . . . Crushed . | . . . . . Highest Temperature 75 | . 75 . . . Average Temperature 45 | . 45 . . . Received Heat Transfer 75 | . 75 . . . Siege Activations . | . . . . . Martial Activations . | . . . . . Shielding Activations . | . . . . . Robots Disrupted . | . . . . . Combat Hostiles . | . . . . . Robots Corrupted . | . . . . . Combat Hostiles . | . . . . . Parts Fried 1 | . 1 . . . Impact Corruptions . | . . . . . Robots Melted . | . . . . . Combat Hostiles . | . . . . . Parts Melted . | . . . . . Heat Transferred 50 | . 50 . . . Parts Sabotaged . | . . . . . Parts Stolen . | . . . . . Parts Stripped . | . . . . . Power Chain Reactions 1 | . 1 . . . Alert | -11 -10 -10 -10 -9 ------- Run | Yrd Mat Min Exi Min Maximum Alert Level . | . . . . . Low Security (%) 100 | 100 100 100 . 100 Level 1 . | . . . . . Level 2 . | . . . . . Level 3 . | . . . . . Level 4 . | . . . . . Level 5 . | . . . . . High Security . | . . . . . Max Security . | . . . . . Peak Influence 60 | . 52 60 . . Initial . | . . . . . Average 7 | . 7 12 . . Influence Increases 156 | . 86 70 . . Destroy 0b10 Robot/C 100 | . 40 60 . . Destroy Leader 20 | . 10 10 . . Successful Hack 4 | . 4 . . . Destroy Structure 2 | . 2 . . . Lose Combat Pursuer 30 | . 30 . . . Influence Decreases 156 | . 86 40 30 . Entered New Map 30 | . . . 30 . Time Decay 126 | . 86 40 . . Squads Dispatched 2 | . 2 . . . Investigation 1 | . 1 . . . Extermination . | . . . . . Reinforcement 1 | . 1 . . . Assault . | . . . . . Garrison . | . . . . . Intercept . | . . . . . Searches Triggered . | . . . . . Construction Impeded . | . . . . . Haulers Reinforced . | . . . . . Active Scanning Responses . | . . . . . Cargo Convoy Interrupts . | . . . . . Stealth | -11 -10 -10 -10 -9 --------- Run | Yrd Mat Min Exi Min Distress Signals 2 | . 2 . . . Communications Jammed . | . . . . . Distress Signals . | . . . . . Times Spotted 17 | . 6 3 . 8 Peak Tracking Total 11 | . 4 3 . 11 Tactical Retreats 2 | . 1 . . 1 Traps | -11 -10 -10 -10 -9 ------- Run | Yrd Mat Min Exi Min Traps Triggered . | . . . . . Indirectly . | . . . . . Trap Hack Attempts . | . . . . . Triggered . | . . . . . Disarmed . | . . . . . Reprogrammed . | . . . . . Reused . | . . . . . Traps Extracted . | . . . . . Installed . | . . . . . Triggered . | . . . . . Machines | -11 -10 -10 -10 -9 ---------- Run | Yrd Mat Min Exi Min Machines Disabled . | . . . . . Max in Single Turn . | . . . . . Machines Repaired . | . . . . . Machines Dismantled . | . . . . . Machines Sabotaged . | . . . . . Overloaded Fab Kills . | . . . . . Hacking | -11 -10 -10 -10 -9 --------- Run | Yrd Mat Min Exi Min Machines Accessed 3 | . 1 1 1 . Terminals 2 | . 1 1 . . Fabricators . | . . . . . Repair Stations . | . . . . . Recycling Units . | . . . . . Scanalyzers . | . . . . . Garrison Access . | . . . . . Total Hacks 4 | . 2 1 1 . Successful 2 | . 1 . 1 . Failed 2 | . 1 1 . . Catastrophic 1 | . . 1 . . Database Lockouts . | . . . . . Manual 2 | . . 1 1 . Terminals 3 | . 2 1 . . Fabricators . | . . . . . Repair Stations . | . . . . . Recycling Units . | . . . . . Scanalyzers . | . . . . . Garrison Access . | . . . . . Terminal Hacks 2 | . 1 . 1 . Locate Traps 1 | . 1 . . . Proto ID Catalog 1 | . . . 1 . Fabricator Hacks . | . . . . . Repair Station Hacks . | . . . . . Recycling Unit Hacks . | . . . . . Scanalyzer . | . . . . . Garrison Access Hacks . | . . . . . Unauthorized Hacks . | . . . . . Terminals . | . . . . . Fabricators . | . . . . . Repair Stations . | . . . . . Recycling Units . | . . . . . Scanalyzers . | . . . . . Garrison Access . | . . . . . Data Cores Recovered . | . . . . . Used . | . . . . . Hacking Detections 1 | . . 1 . . Full Trace Events . | . . . . . Feedback Events . | . . . . . Feedback Blocked . | . . . . . Robot Schematics Acquired . | . . . . . Robots Built . | . . . . . Authchips . | . . . . . Time . | . . . . . Total Robot Build Rating . | . . . . . Part Schematics Acquired . | . . . . . Parts Built . | . . . . . Authchips . | . . . . . Time . | . . . . . Total Part Build Rating . | . . . . . Parts Repaired . | . . . . . Time . | . . . . . Parts Recycled . | . . . . . Recycled Matter . | . . . . . Retrieved Matter . | . . . . . Retrieved Components . | . . . . . Parts Scanalyzed . | . . . . . Part Schematics Acquired . | . . . . . Parts Damaged . | . . . . . Bothacking | -11 -10 -10 -10 -9 ------------ Run | Yrd Mat Min Exi Min Used RIF Installer . | . . . . . Robots Hacked . | . . . . . Non-combat . | . . . . . Combat . | . . . . . Robot Hacks Applied . | . . . . . Relay Couplers Released . | . . . . . Fabnet Peak Effective % . | . . . . . Robots Rewired . | . . . . . Allies Hacked . | . . . . . Hacks Repelled . | . . . . . Allies | -11 -10 -10 -10 -9 -------- Run | Yrd Mat Min Exi Min Total Allies . | . . . . . Largest Group . | . . . . . Highest-Rated Group . | . . . . . Highest-Rated Ally . | . . . . . Total Orders . | . . . . . Ally Attacks . | . . . . . Total Damage . | . . . . . Kills . | . . . . . Allies Corrupted . | . . . . . Allies Melted . | . . . . . Intel | -11 -10 -10 -10 -9 ------- Run | Yrd Mat Min Exi Min Active Infowar (turns) . | . . . . . Robot Analysis Total . | . . . . . Derelict Logs Recovered . | . . . . . Drone Launches . | . . . . . Drone Recoveries . | . . . . . Exploration | -11 -10 -10 -10 -9 ------------- Run | Yrd Mat Min Exi Min Turns Passed 1870 | 83 528 294 933 32 Spaces Moved 1132 | 56 299 178 581 18 Core 19 | 19 . . . . Treads 1109 | 37 299 178 581 14 Legs . | . . . . . Wheels . | . . . . . Hover . | . . . . . Flight 4 | . . . . 4 Fastest Speed 50 | 50 160 160 160 112 Average Speed 157 | 122 160 160 160 149 Slowest Speed 160 | 160 160 160 160 160 Overloaded Moves . | . . . . . Propulsion Burnouts . | . . . . . Robots Hopped . | . . . . . Potential Cave-ins . | . . . . . Cave-ins Triggered . | . . . . . Exploration Rate (%) 36 | 3 43 30 93 11 Regions Visited 4 Branch Regions 3 Pre-discovered Areas . | . . . . . Known Exits Taken . | . . . . . Unknown Exits Taken 4 | 1 1 1 1 . Scrap Searched . | . . . . . Spaces Dug . | . . . . . Terrain Destroyed 2 | . 2 . . . Melee . | . . . . . Projectile . | . . . . . AOE 2 | . 2 . . . Terrain Rammed . | . . . . . Walls Destroyed . | . . . . . Machines Disabled . | . . . . . Actions | -11 -10 -10 -10 -9 --------- Run | Yrd Mat Min Exi Min Total 1193 | 71 332 181 585 24 Wait 15 | . 11 . 4 . Move 1128 | 55 298 177 580 18 Hop . | . . . . . Pick Up 17 | 8 7 1 1 . Fast Attach . | . . . . . Attach 11 | 7 4 . . . Detach . | . . . . . Swap 2 | . . . . 2 Drop 8 | 1 3 . . 4 Fire 12 | . 9 3 . . Melee . | . . . . . Ram . | . . . . . Kick . | . . . . . Crush . | . . . . . Escape Stasis . | . . . . . Rewire . | . . . . . Trap . | . . . . . Miscellaneous . | . . . . . Route ------- -11/Scrapyard -10/Materials (discovered 2 exits: [*Mat] / *Min) -10/Mines (discovered 2 exits: [*Mat] / *Exi) -10/Exiles (discovered 2 exits: [*Min x2]) -9/Mines History --------- Turn | Location | Event 8 | -11/Scrapyard | Discovered new exit (range 15) 84 | -11/Scrapyard | Entered Materials 85 | -10/Materials | Met a group of wandering Federalists 239 | -10/Materials | Discovered new exit (range 8) 306 | -10/Materials | Build established: Mutant 350 | -10/Materials | Discovered new exit (range 3) 612 | -10/Materials | Entered Mines 820 | -10/Mines | Discovered new exit (range 12) 894 | -10/Mines | Deemed a non-threat by the Exiles lab entrance 896 | -10/Mines | Discovered new exit (range 5) 906 | -10/Mines | Entered Exiles 962 | -10/Exiles | Met 8R-AWN 1002 | -10/Exiles | Met EX-HEX 1058 | -10/Exiles | Met EX-BIN 1090 | -10/Exiles | Aligned with FarCom system 1092 | -10/Exiles | Given EX-Vault access code 1130 | -10/Exiles | Opened EX-Vault 1145 | -10/Exiles | Found Lightpack 2.0 1207 | -10/Exiles | Warned to stay clear of 0b10 Research branches 1256 | -10/Exiles | Met EX-DEC 1333 | -10/Exiles | Discovered new exit (range 14) 1449 | -10/Exiles | Visited The Gauntlet 1819 | -10/Exiles | Discovered new exit (range 14) 1839 | -10/Exiles | Left Exiles lab with Lightpack 2.0 1839 | -10/Exiles | Entered Mines 1853 | -9/Mines | Assembled infested the area 1871 | -9/Mines | Self-destructed Last Messages --------------- seen in a previous run. Green are those you've never seen before, or otherwise provide benefits in any run you talk to them. DK-RAY: Welcome to The Gauntlet! If a prototype's bugged this is where we stop it. Unless we don't. But that rarely happens, honest! 01819_ EXIT=FOUND LOCATION=UNKNOWN GOAL=ESCAPE 01839_ Receiving FarCom transmissions... 01853_ ALERT: Infestation in the mines, dispatching Demolisher response squad. 01865_ Dropped Lgt. Treads. 01865_ Knocked back. 01865_ Dropped Lgt. Treads. 01866_ Dropped Lgt. Assault Rifle. 01866_ Dropped Lrg. Storage Unit. 01871_ VTOL Module destroyed. 01871_ System corrupted by crushing effect (+1). Map ----- +----------------------------------------------------+ | | | | | | | | | | | | | | | | | | | | | ?????????????????????????????????? | | ?????????????????????????????????? | | ?????????????????????????????????? | | ?????????????????????????????????? | | ?????????????????????????????????? | | ?????????????????????????????????? | | ?????????????????????????????????? | | ?????????????###?????????????????? | | ???????????## ##????????????????? | | ??????????# #????????????????? | | ?????????? #????????????????? | | ???####??? #????????????????? | | ??## #### ##???????????????? | | ??# ## #???????????????? | | ??# #???????????????? | | ??# @ #??????????????? | | ?## a ### #?????????????? | | ?# a##?????????????????????? | | ?# """ !#??????????????????????? | | ?# """ [a##?###?????????????????? | | ?# """ aa## ###???????????????? | | ?# a ##??????????????? | | ?# ## a ####???????????? | | ?####?## a #???????????? | | ???????# ### #???????????? | | ???????## #???????????????? | | ????????# ##???????????????? | | ???????? ##????????????????? | | ???????? ##?????????????????? | | ???????? ##??????????????????? | | ???????? ##???????????????????? | | ??????? #????????????????????? | | ??????? #????????????????????? | | ??????? #????????????????????? | | ??????? ##????????????????????? | | ?????? ### #?????????????????????? | | ?????? ??? #?????????????????????? | | ?????? ??? ??????????????????????? | | ?????????? ??????????????????????? | | ?????????? ??????????????????????? | +----------------------------------------------------+ Best States ------------- Heat Dissipation 25 Coolant Potential 50 Energy Generation 10 Energy Capacity 250 Matter Stores 277 Matter Capacity 300 Sight Range 16 Terrain Scan Density 10 Weapon Shielding 33 Evasion (%) 50 Recoil Reduction 2 Item Schematics ----------------- None Robot Schematics ------------------ None Fabricated ------------ Nothing Repaired ---------- Nothing Alien Tech Used ----------------- None Achievements -------------- None Challenges ------------ None Game ------ Seed TerrainSurgeDissipator Manual? 0 Play Time 00:12:12 Cumulative 17.0 hours Start 2025.05.08 @ 15:45:07 End 2025.05.08 @ 15:56:40 Sessions 1 Manual Loads 0 Difficulty Rogue Special Mode None Game No. 35 Rogue 27 Adventurer 8 Explorer 0 Win Type - Total 0 Types 0/0/0/0/0/0/0/0/0/0 Lore% 12 Gallery% 19 Achievement% 21 Wizard Run 0 Options --------- Layout 1 ASCII 0 Keyboard 0 Movement Arrows Keybinds 1 Fullscreen 1 Font 24/Smallcaps Map View 50x35 Zoom Use 0% Tactical HUD 1 Map Filters NONE Filters NONE Steam 1 RUN: f7c8b903-b067-48a1-be73-44f9ef7d8cd1